Map: Kairos Junction LE

Players

MaSa - Winner!

  • Race: Terran Terran
  • League: Master
  • Spawn Location: 5:00

puCK (Nina)

  • Race: Protoss Protoss
  • League: Grandmaster
  • Spawn Location: 11:00

Event: 2019 WCS Winter Americas

VOD

Have the link to the VOD?

Description

Time

  • Played on: March 23, 2019, 3:32 p.m.
  • Length: 12:06

All games in this series

Show
View Real Time Build Order
Export as new Build Order

MaSa Terran - Winner!

Build Orders: Reaper Expand 

Get SALT Encoding   

  12  0:00  SCV  
  13  0:12  SCV  
  14  0:17  Supply Depot  
  14  0:25  SCV  
  15  0:38  SCV  
  15  0:41  Barracks  
  16  0:44  Refinery  
  16  0:50  SCV  
  17  1:02  SCV  
  18  1:15  SCV  
  19  1:28  Reaper, Orbital Command  
  20  1:42  Command Center  
  20  1:49  Supply Depot  
  20  1:54  SCV  
  20  2:00  Marine  
  22  2:06  SCV  
  23  2:09  Factory  
  23  2:16  Refinery  
  23  2:18  SCV  
  23  2:22  Barracks Reactor  
  24  2:30  SCV  
  24  2:33  Barracks  
  25  2:42  SCV  
  26  2:54  Factory Tech Lab  
  26  2:55  SCV, Orbital Command  
  27  3:00  Marine x2  
  29  3:07  SCV  
  29  3:12  Siege Tank  
  33  3:17  Marine  
  33  3:18  Marine  
  33  3:19  SCV  
  36  3:22  SCV  
  37  3:29  Barracks Tech Lab  
  37  3:30  Supply Depot  
  37  3:31  SCV  
  38  3:34  SCV  
  38  3:35  Marine x2  
  41  3:43  SCV  
  41  3:44  Siege Tank  
  41  3:48  Supply Depot  
  45  3:50  Marine  
  45  3:53  Combat Shield  
  46  3:58  SCV  
  46  4:01  Marine x2  
  49  4:05  SCV  
  50  4:11  Supply Depot, Marine  
  50  4:15  Starport  
  50  4:16  Barracks  
  51  4:19  SCV, Marine  
  53  4:27  Marine  
  53  4:29  Marine  
  53  4:30  Refinery  
  55  4:38  SCV, Siege Tank, Marine  
  53  4:43  SCV  
  50  4:45  Marine  
  50  4:48  Engineering Bay, Marine  
  50  4:50  SCV  
  53  4:53  Medivac  
  53  4:55  SCV  
  56  5:00  Marine  
  56  5:02  SCV  
  56  5:03  Barracks Reactor  
  56  5:04  Marine  
  59  5:07  SCV  
  59  5:08  Supply Depot  
  59  5:11  Refinery  
  60  5:14  Stimpack, Marine  
  60  5:16  SCV  
  60  5:19  SCV  
  60  5:29  Siege Tank  
  60  5:30  SCV, Marine x2  
  60  5:34  Starport Reactor  
  65  5:38  Barracks, Supply Depot  
  65  5:39  SCV, Barracks  
  66  5:44  Terran Infantry Weapons Level 1, SCV  
  66  5:46  Marine x2  
  69  5:51  SCV  
  69  5:53  Marine  
  69  5:57  SCV, Marine x2  
  72  6:02  Siege Tank  
  72  6:03  SCV, Supply Depot  
  78  6:09  SCV  
  78  6:11  Missile Turret, Supply Depot, Marine  
  78  6:12  Marine  
  78  6:17  SCV  
  81  6:21  Marauder, Marine x2  
  81  6:22  SCV  
  86  6:28  Barracks Reactor  
  86  6:29  SCV, Barracks Tech Lab  
  86  6:31  Liberator  
  87  6:38  Marine x2  
  87  6:39  Siege Tank, Marine  
  89  6:41  Medivac  
  89  6:43  Marauder  
  89  6:48  Marine x2  
  89  6:50  Concussive Shells  
  92  6:56  Marine  
  92  6:58  Supply Depot x2, Marine  
  94  7:04  Marauder  
  94  7:05  Marine x3  
  94  7:08  Marine  
  100  7:17  Marauder  
  100  7:20  Siege Tank  
  100  7:21  Supply Depot  
  105  7:25  Liberator  
  105  7:29  Marine x4  
  109  7:30  Marauder  
  108  7:41  Marauder, Marine x2  
  108  7:43  Medivac  
  117  7:47  Marine x4  
  117  7:51  Marauder  
  120  7:52  Siege Tank  
  118  8:00  Bunker  
  118  8:01  Bunker  
  118  8:02  Bunker, Marine  
  118  8:03  Marauder, Marine  
  122  8:12  Marauder  
  124  8:17  Marine x2  
  124  8:19  Marine  
  99  8:24  Marauder  
  86  8:27  Marine  
  86  8:28  Siege Tank, Marine x2  
  86  8:34  Marauder, Marine  
  87  8:35  Medivac x2  
  80  8:42  Marine x2  
  80  8:45  Marauder, Terran Infantry Armor Level 1  
  80  8:47  Marine  
  85  8:50  Marine  
  85  8:51  SCV  
  85  8:55  Marauder  
  89  8:56  SCV  
  89  8:58  Marine  
  91  9:05  Marine x2  
  91  9:06  Marine  
  91  9:07  Marauder  
  91  9:08  Liberator  
  96  9:10  Siege Tank  
  96  9:15  Marine x2  
  96  9:16  Marauder  
  103  9:19  Medivac  
  105  9:28  Marauder, Marine  
  105  9:29  Marine x3  
  114  9:38  Marauder, Marine x2  
  118  9:46  Marine x2  
  118  9:47  Marine x2  
  118  9:49  Marauder  
  124  10:04  Supply Depot  
  124  10:10  Siege Tank  
  107  10:24  Marine x2  
  107  10:25  Marine x2  
  107  10:26  Marine  
  100  10:36  Marine x3  
  100  10:42  Marine x2  
  92  10:43  Marine x2  
  92  10:47  SCV x2  
  91  10:59  SCV  
  91  11:00  SCV  
  91  11:01  Marine  
  94  11:11  Siege Tank  
  94  11:18  Marauder  
  95  11:20  Marine  
  91  11:29  Marauder, Marine  
  84  11:47  Marine x4  
Show
View Real Time Build Order
Export as new Build Order

puCK Protoss 

Build Orders: 1 Gate Expand, Blink Stalkers 

Get SALT Encoding   

  12  0:00  Probe  
  13  0:12  Probe  
  14  0:17  Pylon  
  14  0:24  Probe  
  15  0:35  Probe, Gateway  
  16  0:43  Probe  
  17  0:50  Assimilator  
  17  0:53  Probe  
  18  1:05  Probe  
  19  1:19  Probe  
  19  1:23  Cybernetics Core  
  20  1:38  Nexus  
  20  1:45  Pylon  
  20  1:47  Probe  
  20  1:53  Adept  
  21  1:56  Assimilator  
  21  2:00  Probe  
  22  2:06  Warp Gate  
  24  2:12  Probe  
  25  2:18  Stalker  
  25  2:24  Probe  
  28  2:36  Probe  
  29  2:48  Sentry, Probe  
  29  2:49  Probe  
  32  2:52  Twilight Council  
  32  2:57  Probe  
  33  3:00  Probe  
  35  3:07  Probe  
  35  3:09  Gateway  
  35  3:12  Probe  
  37  3:15  Gateway  
  37  3:18  Blink  
  37  3:19  Probe  
  38  3:24  Stalker  
  38  3:26  Probe  
  41  3:32  Probe  
  42  3:39  Probe  
  43  3:42  Pylon  
  43  3:45  Probe  
  44  3:51  Probe  
  45  3:57  Probe, Pylon  
  46  4:03  Stalker, Probe  
  46  4:04  Stalker  
  46  4:09  Probe  
  52  4:11  Stalker  
  54  4:23  Probe  
  55  4:27  Robotics Facility  
  55  4:34  Stalker x2  
  53  4:40  Probe  
  53  4:44  Stalker  
  56  4:46  Probe  
  56  4:49  Assimilator  
  56  4:50  Assimilator  
  56  4:52  Probe  
  58  4:53  Pylon  
  58  4:58  Stalker  
  58  4:59  Pylon  
  61  5:01  Stalker  
  62  5:07  Pylon  
  62  5:11  Nexus  
  62  5:14  Probe  
  63  5:16  Observer  
  58  5:31  Stalker x2  
  58  5:32  Stalker  
  58  5:33  Probe  
  58  5:34  Probe  
  64  5:40  Gateway  
  64  5:43  Robotics Bay  
  64  5:45  Probe  
  65  5:52  Immortal  
  70  5:57  Probe  
  70  5:59  Gateway  
  70  6:03  Gateway  
  70  6:06  Sentry  
  70  6:07  Zealot  
  70  6:11  Charge  
  74  6:13  Probe x2  
  74  6:17  Pylon  
  76  6:25  Probe  
  77  6:29  Stalker x3  
  79  6:45  Colossus  
  79  6:46  Probe  
  80  6:53  Observer  
  80  6:56  Probe  
  80  6:58  Probe  
  88  7:02  Zealot x4  
  88  7:04  Sentry  
  88  7:07  Probe  
  99  7:11  Forge  
  99  7:12  Probe  
  100  7:16  Probe  
  100  7:19  Probe, Pylon  
  101  7:24  Probe  
  100  7:30  Zealot x3  
  106  7:39  Zealot x3  
  106  7:43  Immortal  
  116  7:47  Pylon  
  116  7:57  Extended Thermal Lance  
  116  8:05  Pylon x2  
  116  8:06  Zealot  
  116  8:07  Zealot x3  
  124  8:16  Colossus  
  111  8:20  Stalker x2, Probe  
  111  8:22  Protoss Ground Weapons Level 1  
  111  8:26  Probe  
  104  8:36  Probe  
  104  8:39  Forge  
  100  8:42  Sentry x2  
  100  8:44  Stalker x3  
  110  8:51  Gateway  
  110  8:53  Gateway  
  109  8:56  Zealot, Gateway  
  109  9:00  Protoss Ground Armor Level 1  
  109  9:02  Shield Battery  
  111  9:03  Shield Battery  
  111  9:06  Stalker x2  
  113  9:11  Observer  
  113  9:14  Zealot x3  
  119  9:23  Pylon  
  120  9:26  Stalker  
  120  9:30  Zealot x2  
  126  9:35  Colossus, Stalker x2  
  130  9:40  Stalker  
  138  9:55  Pylon  
  138  9:57  Pylon  
  138  10:01  Zealot x4  
  138  10:04  Pylon  
  144  10:08  Zealot x2  
  144  10:19  Zealot x2  
  144  10:20  Zealot  
  118  10:25  Zealot x4  
  102  10:40  Sentry x2  
  102  10:41  Zealot x3  
  89  10:46  Zealot x4  
  95  10:52  Colossus  
  101  11:02  Zealot x3  
  107  11:06  Zealot x2  
  107  11:09  Zealot  
  107  11:10  Zealot  
  113  11:13  Zealot  
  107  11:24  Sentry x3  
  101  11:30  Zealot x3  
  107  11:32  Zealot  
  99  11:45  Zealot x2  
Tags
 
Add a new tag
Caveats
  • Supply blocks, unpowered buildings, or Contaminate may cause inaccurate times.
  • Supply counts are checked every 10 seconds.